 Dungeon Crawl Stone Soup version 0.29-a0-275-g389c0b56f3 (webtiles) character file.

Game seed: 4795596384404634324

81 shoop the Shooter (level 4, -1/25 HPs)
             Began as a Deep Elf Arcane Marksman on Mar 9, 2022.
             Slain by an iguana (11 damage)
             ... on level 3 of the Dungeon.
             The game lasted 00:03:03 (2004 turns).

shoop the Shooter (Deep Elf Arcane Marksman)        Turns: 2004, Time: 00:03:04

Health: -1/25      AC:  2    Str: 13    XL:     4   Next: 19%
Magic:  6/9        EV: 13    Int: 20    God:
Gold:   255        SH:  0    Dex: 15    Spells: 1/8 levels left

rFire   . . .      SeeInvis .   a - +0 shortbow
rCold   . . .      Faith    .   (shield currently unavailable)
rNeg    . . .      Spirit   .   b - +0 robe
rPois   .          Reflect  .   (no helmet)
rElec   .          Harm     .   (no cloak)
rCorr   .          Rampage  .   (no gloves)
Will    .....                   (no boots)
Stlth   ++........              (no amulet)
HPRegen 0.08/turn               j - +6 ring of strength
MPRegen 0.11/turn               (no ring)

@: on blink cooldown
A: no striking features
a: no special abilities


You were on level 3 of the Dungeon.
You visited 1 branch of the dungeon, and saw 4 of its levels.

You collected 255 gold pieces.

Inventory:

Hand Weapons
 a - a +0 shortbow (weapon)
Armour
 b - a +0 robe (worn)
Jewellery
 j - a +6 ring of strength (left hand)
Scrolls
 c - 2 scrolls of vulnerability
 d - a scroll of amnesia {unknown}
 e - a scroll of fog {unknown}
 i - 3 scrolls of identify {unknown}
 m - a scroll of acquirement {unknown}
Potions
 f - 2 potions of curing {unknown}
 g - a potion of mutation {unknown}
 h - a potion of lignification {unknown}
 k - a potion of resistance {unknown}
 l - a potion of flight {unknown}


   Skills:
 - Level 1.0 Fighting
 * Level 4.2 Bows
 - Level 3.0 Dodging
 + Level 1.8 Stealth
 - Level 2.5 Spellcasting
 - Level 4.0 Hexes
 + Level 1.2 Translocations


You had one spell level left.
You knew the following spells:

 Your Spells              Type           Power      Damage    Failure   Level
a - Slow                  Hex            72%        N/A       3%          1
b - Blink                 Tloc           14%        N/A       14%         2
f - Cause Fear            Hex            9%         N/A       28%         4

Your spell library contained the following spells:

 Spells                   Type           Power      Damage    Failure   Level
 Portal Projectile        Hex/Tloc       26%        N/A       16%         3
 Inner Flame              Hex/Fire       10%        N/A       21%         3
 Sublimation of Blood     Necr           2%         N/A       22%         2
 Wereblood                Tmut           2%         N/A       22%         2
 Lesser Beckoning         Tloc           7%         N/A       26%         3
 Manifold Assault         Tloc           7%         N/A       94%         5
 Summon Hydra             Summ           1%         N/A       100%        7


Dungeon Overview and Level Annotations

Branches:
Dungeon (4/15)
 Temple: D:4-7

Altars:
Okawaru


Message History

A white imp and a kobold come into view.
You shoot an arrow.
The arrow hits the white imp but does no damage.
The white imp shouts, "Scamper away, thou lily-hearted dread-bolted yak-dropping!"
You shoot an arrow.
The arrow hits the kobold but does no damage.
The kobold shouts!
You hear an angry hiss.
You shoot an arrow. The arrow hits the kobold!
You kill the kobold!
You shoot an arrow.
The arrow completely misses the white imp.
The white imp gestures at you. The puff of frost hits you!
An iguana comes into view.
You shoot an arrow. The arrow hits the white imp.
The white imp is moderately wounded.
You shoot an arrow. The arrow barely misses the white imp.
You shoot an arrow. The arrow closely misses the white imp.
The white imp barely misses you.
You shoot an arrow. The arrow hits the white imp.
The white imp is heavily wounded.
The white imp misses you.
You shoot an arrow. The arrow hits the white imp!
You kill the white imp!
You shoot an arrow. The arrow hits the iguana!
The iguana is severely wounded.
The iguana bites you!
You are too injured to fight recklessly!
The iguana attacks as you move away! The iguana bites you.
Casting: Slow (safe; 3% risk of failure)
Confirm with . or Enter, or press ? or * to list all spells.
You blink.
Unknown command.
Casting: Blink (safe; 14% risk of failure)
Confirm with . or Enter, or press ? or * to list all spells.
Aiming: Slow (safe; 3% risk of failure)
Press: ? - help, Shift-Dir - straight line, f/p - iguana
Aim: an iguana (heavily wounded, chance to affect: 67%)
The iguana struggles to resist.
The iguana bites you!
You die...

... #... .... ##### #.#
#... ♣ ♣... ....##
#.###...#. ... .....#
#.#.. ....♣.). .....#
#.#.#.#..#..##### .....#
#.#.# ..........# .....#
#.#.# #........#
#....###.#.####l@#.....
#)...'...#.#............
#....####..........).###
###### ##########....#
##.## #...# ##.#.## ...#
##.#.#.## #..#
##.#.#.#.## ....
##.#.###.#.## ..#.


You could see an iguana.

Vanquished Creatures
  2 adders
  A white imp (D:3)
  A worm (D:3)
  2 dart slugs
  An orc (D:3)
  7 bats
  2 endoplasms
  2 giant cockroaches
  3 goblins
  5 hobgoblins
  A jackal (D:3)
  3 quokkas (D:1)
  6 ball pythons
  4 frilled lizards
  5 kobolds
  6 rats
51 creatures vanquished.

Notes
Turn   | Place    | Note
-------+----------+-------------------------------------------
     0 | D:1      | shoop the Deep Elf Arcane Marksman began the quest for the
                  | Orb.
     0 | D:1      | Reached XP level 1. HP: 11/11 MP: 5/5
   364 | D:1      | Reached XP level 2. HP: 16/16 MP: 6/6
   535 | D:1      | Reached skill level 1 in Fighting
   570 | D:1      | Reached skill level 1 in Stealth
   742 | D:1      | Learned a level 2 spell: Blink
  1086 | D:2      | Reached XP level 3. HP: 11/20 MP: 6/8
  1508 | D:2      | Found a faded altar of an unknown god.
  1629 | D:2      | You fall into a shaft and drop 2 floors!
  1730 | D:3      | Reached skill level 1 in Translocations
  1798 | D:3      | Found an iron altar of Okawaru.
  1826 | D:3      | Reached XP level 4. HP: 21/25 MP: 9/9
  1831 | D:3      | Learned a level 4 spell: Cause Fear
  2004 | D:3      | Slain by an iguana

Illustrated notes

Levels and vault maps discovered:
D:1:      lightli_arrival_windingriver, layout_loops_corners
D:2:      layout_loops_ring, ebering_ecumenical_altar_sacrificial,
          minmay_joined_circles
D:3:      minmay_inner_zag, layout_basic, okawaru_gym_becter,
          worldfamousw_hep_ancestral_shrine, serial_shops, nicolae_shop_trees
D:4:      minmay_skewed_foursquare, layout_basic,
          mainiacjoe_overflow_six_doors_small, xom_butterflies,
          makhleb_heckhound_becter, gammafunk_temple_overflow_pools,
          uniq_eustachio

Skill      XL: |  1  2  3 |
---------------+----------+-----
Bows           | 3 4 |  4.2
Fighting       | 1 |  1.0
Stealth        | 1 |  1.8
Spellcasting   | 2 |  2.5
Dodging        | 3 |  3.0
Translocations | 1 |  1.2
Hexes          | |  4.0

Action                   |  1- 3 |  4- 6 || total
-------------------------+-------+-------++-------
 Fire: Shortbow          |   131 |    20 ||   151
 Cast: Slow              |     2 |     1 ||     3
       Blink             |       |     1 ||     1
Armor: Robe              |    12 |       ||    12
Dodge: Dodged            |    49 |     2 ||    51

Table legend: (Time is in decaauts)
 A = Elapsed time spent in this place.
 B = Non-inter-level travel time spent in this place.
 C = Inter-level travel time spent in this place.
 D = Time resting spent in this place.
 E = Time spent auto-exploring this place.
 F = Levels seen in this place.
 G = Mean time per level.
                   A        B        C        D        E       F      G
               +--------+--------+--------+--------+--------+-----+--------+
         Total |   2053 |   2021 |     32 |      0 |   1705 |   4 |  513.2 |
       Dungeon |   2053 |   2021 |     32 |      0 |   1705 |   4 |  513.2 |
               +--------+--------+--------+--------+--------+-----+--------+

Top non-repeatable levels by time:
     D:1: 1079 daAuts
     D:2: 581 daAuts
     D:3: 334 daAuts
     D:4: 57 daAuts
